 Dungeon Crawl Stone Soup version 0.19.0-9-gfd783f2 (webtiles) character file.

4776 Gingerlord the Skirmisher (level 10, -5/80 HPs)
             Began as a Human Wanderer on Nov 7, 2016.
             Was an Elder of Okawaru.
             Slain by a hill giant
             ... wielding a +0 giant club
              (34 damage)
             ... on level 10 of the Dungeon.
             The game lasted 00:21:08 (10657 turns).

Gingerlord the Skirmisher (Human Wanderer)         Turns: 10657, Time: 00:21:09

Health: -5/80      AC: 14    Str: 15    XL:     10   Next: 75%
Magic:  10/10      EV:  9    Int: 15    God:    Okawaru [****..]
Gold:   521        SH:  0    Dex: 11    Spells: 0 memorised, 9 levels left

rFire  . . .     SeeInvis .     x - +5 flail
rCold  . . .     Gourm    .     J - +0 shadow dragon scales
rNeg   . . .     Faith    .     (no shield)
rPois  +         Spirit   .     (no helmet)
rElec  .         Reflect  .     q - +0 cloak
rCorr  .         Harm     .     (no gloves)
MR     .....                    (no boots)
Stlth  ++++......               G - amulet of rage
                                B - ring of stealth
                                i - ring of poison resistance

@: no status effects
A: no striking features
a: Heroism, Renounce Religion, Evoke Berserk Rage


You were on level 10 of the Dungeon.
You worshipped Okawaru.
Okawaru was greatly pleased with you.
You were very hungry.

You visited 2 branches of the dungeon, and saw 11 of its levels.
You also visited: Sewer.

You collected 521 gold pieces.

Inventory:

Hand Weapons
 l - a +0 morningstar
 x - a +5 flail (weapon)
Armour
 g - a +2 ring mail of cold resistance
 q - a +0 cloak (worn)
 J - +0 shadow dragon scales (worn)
Jewellery
 i - a ring of poison resistance (left hand)
 B - a ring of stealth (right hand)
 G - an amulet of rage (around neck)
Wands
 b - a wand of lightning (10/15)
 I - a wand of random effects (30/48)
Scrolls
 n - 3 scrolls of recharging
 p - a scroll of enchant armour {unknown}
 r - 2 scrolls of enchant weapon
 s - 5 scrolls of fear
 v - 4 scrolls of teleportation
 w - a scroll of summoning {unknown}
 y - a scroll of fog
 D - a scroll of magic mapping {unknown}
 E - 6 scrolls of remove curse
 F - a scroll of identify
 H - 2 scrolls of immolation {unknown}
Potions
 a - a potion of magic {unknown}
 c - 5 potions of curing
 d - 2 potions of mutation
 e - 2 potions of brilliance
 h - a potion of cancellation
 j - 2 potions of might
 m - 7 potions of flight
 t - a potion of cure mutation
 z - a potion of resistance
 C - a potion of invisibility
Comestibles
 f - 3 bread rations
 k - 4 meat rations
 o - 2 royal jellies
 u - 10 fruits
 A - 4 slices of pizza


   Skills:
 + Level 7.8 Fighting
 + Level 7.2(7.3) Maces & Flails
   Level 1.0(4.6) Staves
 - Level 1.0 Throwing
 + Level 7.7 Armour
 - Level 7.6 Dodging
 - Level 4.0 Stealth


You had 9 spell levels left.
You didn't know any spells.

Dungeon Overview and Level Annotations

Branches:
Dungeon (10/15)            Temple (1/1) D:5
   Lair: D:8-11         Orc: D:9-12

Altars:
Ashenzari
Cheibriados
Dithmenos
Elyvilon
Fedhas
Gozag
Hepliaklqana
Kikubaaqudgha
Makhleb
Nemelex Xobeh
Okawaru
Qazlal
Ru
Sif Muna
Trog
Uskayaw
Vehumet
Xom
Yredelemnul
Zin
The Shining One

Annotations:
D:10 buriedalive's ghost, novice MiBe


Message History

The hill giant is heavily wounded.
The hill giant hits you with a giant club!
You sock the hill giant!
The hill giant is severely wounded.
The hill giant closely misses you.
You hit the hill giant.
The hill giant is severely wounded.
The hill giant hits you but does no damage.
You hit the hill giant.
The hill giant is severely wounded.
You hit the hill giant.
The hill giant is almost dead.
The hill giant hits you with a giant club!
You hit the hill giant.
The hill giant is almost dead.
The hill giant hits you with a giant club!
You barely miss the hill giant.
The hill giant is almost dead.
The hill giant hits you with a giant club!!
You die...

##### #...#
..[.## .... .
#... ...###..#
........# #.@#
. #.C#
...###..#####.#
..........C...#
#§..##..#######
≈≈≈§#..##..#
v.≈≈§......#
#$.≈≈..#...#
..≈≈....#.# ###


You could see a hill giant.

Vanquished Creatures
  Pikel (D:7)
  A hippogriff (D:7)
  A water moccasin (D:8)
  Purgy (Sewer)
  3 orc warriors
  4 ice beasts
  3 black bears (D:8)
  An eye of draining (D:9)
  A phantom (D:5)
  5 ogres
  A sky beast (D:9)
  5 centaurs
  5 bullfrogs
  A water moccasin zombie (D:6)
  A water moccasin skeleton (D:9)
  3 wights (D:7)
  An electric eel (D:8)
  6 crimson imps
  A quasit (D:8)
  Crazy Yiuf (D:2)
  4 hounds
  4 orc priests
  A bullfrog skeleton (D:7)
  2 centaur skeletons
  Terence (D:2)
  6 iguanas
  3 orc wizards
  4 worker ants
  A howler monkey zombie (D:8)
  7 gnolls
  15 adders
  2 shadow imps
  An ooze (D:5)
  2 adder zombies
  2 adder skeletons
  6 worms
  3 dart slugs
  8 leopard geckos
  28 orcs
  5 ball pythons
  6 bats
  5 giant cockroaches
  5 goblins
  4 hobgoblins (D:2)
  13 jackals
  6 kobolds
  A quokka (D:3)
  8 frilled lizards
  A leopard gecko skeleton (D:7)
  A quokka skeleton (D:10)
  A quokka zombie (D:4)
  8 rats
210 creatures vanquished.

Vanquished Creatures (others)
  3 slaves (D:7)
  2 wights (D:7)
  2 orcs (D:7)
7 creatures vanquished.

Grand Total: 217 creatures vanquished

Notes
Turn   | Place    | Note
-------+----------+-------------------------------------------
     0 | D:1      | Gingerlord the Human Wanderer began the quest for the Orb.
     0 | D:1      | Gingerlord set off with: a curare-tipped needle, a +2 blowgun, a potion of curing, a +0 ring mail, a +0 dagger, a bread ration
     0 | D:1      | Reached XP level 1. HP: 15/15 MP: 1/1
   204 | D:1      | Reached XP level 2. HP: 18/21 MP: 2/2
   499 | D:1      | Found a shimmering altar of Xom.
   501 | D:1      | Found a hazy altar of Hepliaklqana.
   501 | D:1      | Found a bloodstained altar of Trog.
   503 | D:1      | Found a snail-covered altar of Cheibriados.
   503 | D:1      | Found a hazy altar of Hepliaklqana.
   503 | D:1      | Found a bloodstained altar of Trog.
   664 | D:2      | Reached XP level 3. HP: 20/27 MP: 3/3
   851 | D:2      | Noticed Terence
   863 | D:2      | Killed Terence
   863 | D:2      | Reached XP level 4. HP: 15/33 MP: 4/4
  1324 | D:2      | Reached skill level 1 in Maces & Flails
  1393 | D:2      | Found a runed door.
  1623 | D:2      | Reached XP level 5. HP: 36/38 MP: 5/5
  1905 | D:2      | Noticed Crazy Yiuf
  1913 | D:2      | Killed Crazy Yiuf
  2395 | D:3      | Reached XP level 6. HP: 19/46 MP: 6/6
  3180 | D:3      | Found a white marble altar of Elyvilon.
  3280 | D:3      | Found a sparkling altar of Nemelex Xobeh.
  3513 | D:4      | Noticed an ice beast
  3529 | D:4      | Killed an ice beast
  3529 | D:4      | Reached XP level 7. HP: 40/52 MP: 7/7
  3965 | D:5      | Entered Level 5 of the Dungeon
  3998 | D:5      | Found a staircase to the Ecumenical Temple.
  4029 | Temple   | Entered the Ecumenical Temple
  4045 | Temple   | Became a worshipper of Warmaster Okawaru
  4267 | D:5      | Found a shattered altar of Ashenzari.
  4580 | D:5      | Reached XP level 8. HP: 42/60 MP: 8/8
  4844 | D:5      | Found an opulent altar of Gozag.
  4892 | D:5      | Found a glowing silver altar of Zin.
  5042 | D:6      | Reached * piety under Okawaru
  5042 | D:6      | Reached skill level 5 in Armour
  5160 | D:6      | Found a stormy altar of Qazlal.
  5160 | D:6      | Noticed a water elemental
  5165 | D:6      | Noticed an air elemental
  5165 | D:6      | Noticed a fire elemental
  5323 | D:6      | Found a glowing drain.
  5331 | Sewer    | Entered a sewer
  5345 | Sewer    | Noticed Purgy
  5364 | Sewer    | Killed Purgy
  5602 | D:6      | Reached skill level 5 in Dodging
  5803 | D:6      | Found a hazy altar of Hepliaklqana.
  5804 | D:6      | Found a shimmering altar of Xom.
  5804 | D:6      | Noticed a Killer Klown
  5805 | D:6      | Noticed a Killer Klown
  5805 | D:6      | Noticed a spectral ugly thing
  5841 | D:6      | Reached skill level 5 in Fighting
  6032 | D:6      | Found a radiant altar of Vehumet.
  6170 | D:7      | Reached XP level 9. HP: 68/68 MP: 9/9
  6569 | D:7      | Noticed Pikel
  6612 | D:7      | Reached skill level 5 in Maces & Flails
  6757 | D:7      | Killed Pikel
  6895 | D:7      | Reached ** piety under Okawaru
  6954 | D:7      | Noticed a hippogriff
  6965 | D:7      | Killed a hippogriff
  7621 | D:7      | Reached XP level 10. HP: 30/77 MP: 10/10
  7816 | D:7      | Found a sacrificial altar of Ru.
  8288 | D:8      | Found a bloodstained altar of Trog.
  8602 | D:8      | Reached *** piety under Okawaru
  9569 | D:9      | Found a snail-covered altar of Cheibriados.
 10039 | D:9      | Found a deep blue altar of Sif Muna.
 10091 | D:9      | Reached **** piety under Okawaru
 10507 | D:10     | Entered Level 10 of the Dungeon
 10557 | D:10     | Noticed buriedalive's ghost (novice MiBe)
 10640 | D:10     | Noticed a hill giant
 10657 | D:10     | Slain by a hill giant

Skill      XL: |  1  2  3  4  5  6  7  8  9 10 |
---------------+-------------------------------+-----
Fighting       | 2 3 4 5 6 7 |  7.8
Dodging        | 2 3 4 5 6 7 |  7.6
Armour         | 3 4 5 6 7 |  7.7
Maces & Flails | 1 2 3 4 6 7 |  7.2
Staves         | |  1.0
Throwing       | |  1.0
Stealth        | |  4.0

Action                   |  1- 3 |  4- 6 |  7- 9 | 10-12 || total
-------------------------+-------+-------+-------+-------++-------
Melee: Short sword       |    65 |       |       |       ||    65
       Dagger            |    21 |       |       |       ||    21
       Flail             |     8 |    72 |   365 |   283 ||   728
       Mace              |       |    64 |       |       ||    64
       Quarterstaff      |       |    40 |       |       ||    40
 Fire: Blowgun           |     1 |     1 |     7 |       ||     9
  Use: Potion            |       |     2 |       |       ||     2
       Scroll            |       |       |    14 |     6 ||    20
 Stab: Sleeping          |     5 |       |     5 |     1 ||    11
       Distracted        |       |     1 |       |     1 ||     2
  Eat: Chunk             |       |     8 |     8 |    10 ||    26
       Fruit             |       |     1 |       |       ||     1
       Bread ration      |       |       |     1 |       ||     1
Armor: Ring mail         |    38 |    95 |   161 |     2 ||   296
       Chain mail        |       |       |       |   169 ||   169
       Shadow dragon sca |       |       |       |     4 ||     4
Dodge: Dodged            |    40 |   134 |   276 |   118 ||   568
